Canadiens vs Avalanche

Created - 17 novembre 2015 at 00:11

Goals
1 2 3 T
Canadiens 0 1 0 1
Avalanche 1 1 0 2
Shots
1 2 3 T
Canadiens 12 18 8 38
Avalanche 14 5 15 34

1st period

1. Avalanche , Bryan Little 11 (Jason Pominville) at 7:37

Penalties :
Dustin Boyd (Mon) for Interference (Minor) at 15:54

2nd period

2. Avalanche , Ryan Getzlaf 6 (Jack Johnson, Mikkel Boedker) at 14:10 (PP)
3. Canadiens , Dennis Wideman 3 (Marc Savard, Patrick Sharp) at 14:36

Penalties :
Mikkel Boedker (Col) for Holding (Minor) at 7:03, Marc Savard (Mon) for Delaying the game (Minor) at 7:13, Dan Boyle (Mon) for Delaying the game (Minor) at 13:53

3rd period

No Goal

Penalties :
Matt Carle (Mon) for Tripping (Minor) at 1:11, Mikkel Boedker (Col) for Holding (Minor) at 4:32, Dan Boyle (Mon) for Checking from behind (Major) at 4:37

Goalie Stats

Jonathan Bernier (Mon), 32 saves from 34 shots - (0,941), L, 7-6-0, 59:02 minutes
Semyon Varlamov (Col), 37 saves from 38 shots - (0,974), W, 3-1-1, 60:00 minutes

Players Stats for Canadiens

Player Name              G  A  P  +/- PIM S  H  SB GA TA FO     MP     PP MP  PK MP  
------------------------------------------------------------------------------------
Brian Gionta             0  0  0  -1  0   3  0  0  0  0  0/0    11:54   0:00   0:23 
Brooks Laich             0  0  0  -1  0   3  0  0  0  0  3/6    13:13   0:00   2:20 
Cam Janssen              0  0  0   0  0   0  0  0  0  0  0/0     7:35   0:00   0:00 
Dan Boyle                0  0  0   0  7   2  2  0  0  0  0/0    21:19   0:14   0:00 
Dennis Wideman           1  0  1   0  0   6  2  1  1  3  0/0    25:16   0:15   2:25 
Devin Setoguchi          0  0  0   1  0   3  2  1  0  1  0/3    16:10   0:15   0:00 
Dustin Boyd              0  0  0   0  2   6  0  0  1  0  7/9    16:07   0:00   0:59 
Jiri Fischer             0  0  0   0  0   0  0  0  0  0  0/0    19:31   0:00   4:50 
Josh Gorges              0  0  0   0  0   0  1  3  0  0  0/0    19:15   0:00   4:40 
Ladislav Smid            0  0  0   0  0   1  2  0  0  0  0/0    19:17   0:00   2:33 
Marc Savard              0  1  1   1  2   6  0  0  3  0  13/26  17:16   0:14   0:00 
Marek Svatos             0  0  0   0  0   0  2  2  0  1  0/0    14:31   0:00   0:00 
Matt Carle               0  0  0   0  2   2  0  1  1  0  0/0    14:51   0:00   0:17 
Maxim Talbot             0  0  0   0  0   1  2  1  1  0  4/12   13:19   0:00   4:22 
Patrick Sharp            0  1  1   1  0   4  0  0  0  1  0/1    22:39   0:15   4:11 
Pierre-Luc Létourneau    0  0  0   0  0   0  1  0  0  0  0/1     8:57   0:00   1:08 
Rene Bourque             0  0  0  -1  0   1  1  0  0  0  1/1    10:14   0:00   0:00 
Sergei Samsonov          0  0  0   0  0   0  1  1  0  0  0/1    17:18   0:00   1:52 

Players Stats for Avalanche

Player Name              G  A  P  +/- PIM S  H  SB GA TA FO     MP     PP MP  PK MP  
------------------------------------------------------------------------------------
Andrew Ladd              0  0  0   0  0   2  1  0  0  0  0/0    10:21   0:14   0:00 
Brandon Yip              0  0  0   0  0   2  0  0  0  1  0/0    10:16   0:51   0:00 
Bryan Little             1  0  1   1  0   4  1  1  0  0  11/19  16:45   2:56   0:00 
Chuck Kobasew            0  0  0   0  0   1  1  0  0  0  0/0    11:44   0:23   0:15 
Corey Perry              0  0  0  -1  0   3  0  1  0  0  1/2    20:11   3:55   0:00 
Jack Johnson             0  1  1   0  0   3  4  2  0  1  0/0    20:45   4:26   0:15 
Jason Pominville         0  1  1   1  0   4  0  1  1  0  2/4    19:41   2:54   0:00 
Marc Staal               0  0  0  -1  0   1  1  3  0  2  0/0    25:56   2:52   0:15 
Max Pacioretty           0  0  0   0  0   2  2  1  1  0  0/0    11:06   0:00   0:00 
Michal Handzus           0  0  0   0  0   4  1  0  0  0  1/3    12:18   0:15   0:00 
Mike Comrie              0  0  0   0  0   0  0  0  0  0  4/5    11:20   0:01   0:15 
Mikkel Boedker           0  1  1  -1  4   1  1  0  2  0  2/2    18:00   4:01   0:00 
Pernell Karl Subban      0  0  0  -1  0   0  1  3  0  1  0/0    23:48   3:04   0:00 
Randy Jones              0  0  0   1  0   1  1  0  0  0  0/0    15:27   0:00   0:00 
Ryan Getzlaf             1  0  1  -1  0   2  1  0  0  0  11/23  18:05   4:08   0:00 
Ryan Smyth               0  0  0   1  0   1  1  0  0  0  0/2    16:13   2:52   0:00 
Sergei Gonchar           0  0  0   0  0   2  1  0  0  1  0/0    16:43   4:26   0:00 
Shane O'Brien            0  0  0   1  0   1  0  1  2  1  0/0    17:21   0:12   0:00 

3 Stars

1 - Semyon Varlamov (Col)
2 - Bryan Little (Col)
3 - Dennis Wideman (Mon)

Power Play

Canadiens - 0 on 2 Attempt(s) - 0,00%
Avalanche - 1 on 5 Attempt(s) - 20,00%

Penalty Kill

Canadiens - 4 on 5 Attempt(s) - 80,00% - Score 0 goal in Penalty Kill
Avalanche - 2 on 2 Attempt(s) - 100,00% - Score 0 goal in Penalty Kill

Team Stat

Canadiens - Hits : 16 - Faceoff Wins : 28 - Blocked Shots : 10 - Penalty Minutes : 13
Avalanche - Hits : 17 - Faceoff Wins : 32 - Blocked Shots : 13 - Penalty Minutes : 4

Official

Referees : Pochmara Brian and Auger Stephane
Linesman : Mark Shewchyk and Tim Nowak

Game Notes

16:37 of 1st period - Avalanche goal is going for a video replay. After video review, No Goal. The puck has been directed, batted or thrown into the net by an attacking player other than with a stick.

Finance

Level 1 -- Attendance: 5374 (89,57%) -- Ticket Income 451 416 $
Level 2 -- Attendance: 5000 (100,00%) -- Ticket Income 250 000 $
Level 3 -- Attendance: 2000 (100,00%) -- Ticket Income 56 000 $
Level 4 -- Attendance: 3674 (91,85%) -- Ticket Income 66 132 $
Luxury Box -- Attendance: 1000 (100,00%) -- Ticket Income 167 000 $
Game was played at the Pepsi Center'
Total Attendance: 17048 (94,71%)
Total Ticket Income: 990 548 $
Other Income: 148 582 $
Total Income: 1 139 130 $

Canadiens

5 vs 5 Forward 
   Center                   Left Wing                Right Wing               Time % Phy DF OF 
 1 Marc Savard              Patrick Sharp            Devin Setoguchi          40     1   2  2  
 2 Dustin Boyd              Sergei Samsonov          Marek Svatos             30     1   2  2  
 3 Brooks Laich             Rene Bourque             Brian Gionta             20     1   2  2  
 4 Maxim Talbot             Pierre-Luc Létourneau    Cam Janssen              10     1   2  2  

5 vs 5 Defense 
   Defense                  Defense                                           Time % Phy DF OF 
 1 Dennis Wideman           Dan Boyle                                         40     1   2  2  
 2 Ladislav Smid            Josh Gorges                                       30     1   2  2  
 3 Matt Carle               Jiri Fischer                                      20     1   2  2  
 4 Dennis Wideman           Dan Boyle                                         10     1   2  2  

PowerPlay Forward 
   Center                   Left Wing                Right Wing               Time % Phy DF OF 
 1 Marc Savard              Patrick Sharp            Devin Setoguchi          60     1   2  2  
 2 Dustin Boyd              Sergei Samsonov          Marek Svatos             40     1   2  2  

PowerPlay Defense
   Defense                  Defense                                           Time % Phy DF OF 
 1 Dennis Wideman           Dan Boyle                                         60     1   2  2  
 2 Josh Gorges              Matt Carle                                        40     1   2  2  

Penalty Kill 4 Players Forward 
   Center                   Wing                     Time % Phy DF OF 
 1 Maxim Talbot             Patrick Sharp            60     1   2  2  
 2 Brooks Laich             Sergei Samsonov          40     1   2  2  

Penalty Kill 4 Players Defense
   Defense                  Defense                  Time % Phy DF OF 
 1 Jiri Fischer             Josh Gorges              60     1   2  2  
 2 Ladislav Smid            Dennis Wideman           40     1   2  2  

Penalty Kill - 3 Players Forward 
   Forward                                           Time % Phy DF OF 
 1 Marc Savard                                       60     1   2  2  
 2 Patrick Sharp                                     40     1   2  2  

Penalty Kill - 3 Players Defense
   Defense                  Defense                  Time % Phy DF OF 
 1 Jiri Fischer             Josh Gorges              60     1   2  2  
 2 Ladislav Smid            Dennis Wideman           40     1   2  2  

4 vs 4 Forward 
   Center                   Wing                     Time % Phy DF OF 
 1 Marc Savard              Patrick Sharp            60     1   2  2  
 2 Brooks Laich             Sergei Samsonov          40     1   2  2  

4 vs 4 Defense
   Defense                  Defense                  Time % Phy DF OF 
 1 Dennis Wideman           Dan Boyle                60     1   2  2  
 2 Ladislav Smid            Jiri Fischer             40     1   2  2  

Last Minutes Offensive
   Center                   Left Wing                Right Wing               Defense                  Defense                  
   Marc Savard              Patrick Sharp            Devin Setoguchi          Dennis Wideman           Dan Boyle                

Last Minutes Defensive
   Center                   Left Wing                Right Wing               Defense                  Defense                  
   Maxim Talbot             Sergei Samsonov          Rene Bourque             Dennis Wideman           Josh Gorges              

Goaltenders
Starting : Jonathan Bernier         
Backup : Miika Kiprusoff          

Extra Forwards
Normal : Maxim Talbot, Brian Gionta, Dustin Boyd - PP : Rene Bourque, Brian Gionta - PK : Dustin Boyd
Extra Defensemen
Normal : Matt Carle, Jiri Fischer, Ladislav Smid - PP : Jiri Fischer - PK : Dan Boyle, Matt Carle
Penalty Shots
Marc Savard, Patrick Sharp, Rene Bourque, Sergei Samsonov, Devin Setoguchi

Avalanche

5 vs 5 Forward 
   Center                   Left Wing                Right Wing               Time % Phy DF OF 
 1 Ryan Getzlaf             Mikkel Boedker           Corey Perry              35     1   2  2  
 2 Bryan Little             Ryan Smyth               Jason Pominville         35     1   2  2  
 3 Mike Comrie              Andrew Ladd              Brandon Yip              15     1   2  2  
 4 Michal Handzus           Max Pacioretty           Chuck Kobasew            15     1   2  2  

5 vs 5 Defense 
   Defense                  Defense                                           Time % Phy DF OF 
 1 Marc Staal               Pernell Karl Subban                               40     1   2  2  
 2 Sergei Gonchar           Jack Johnson                                      30     1   2  2  
 3 Randy Jones              Shane O'Brien                                     30     1   2  2  
 4 Marc Staal               Jack Johnson                                      0      1   2  2  

PowerPlay Forward 
   Center                   Left Wing                Right Wing               Time % Phy DF OF 
 1 Ryan Getzlaf             Mikkel Boedker           Corey Perry              60     1   2  2  
 2 Bryan Little             Ryan Smyth               Jason Pominville         40     1   2  2  

PowerPlay Defense
   Defense                  Defense                                           Time % Phy DF OF 
 1 Sergei Gonchar           Jack Johnson                                      60     1   2  2  
 2 Marc Staal               Pernell Karl Subban                               40     1   2  2  

Penalty Kill 4 Players Forward 
   Center                   Wing                     Time % Phy DF OF 
 1 Mike Comrie              Chuck Kobasew            60     1   2  2  
 2 Michal Handzus           Andrew Ladd              40     1   2  2  

Penalty Kill 4 Players Defense
   Defense                  Defense                  Time % Phy DF OF 
 1 Marc Staal               Jack Johnson             60     1   2  2  
 2 Shane O'Brien            Randy Jones              40     1   2  2  

Penalty Kill - 3 Players Forward 
   Forward                                           Time % Phy DF OF 
 1 Jason Pominville                                  60     1   2  2  
 2 Corey Perry                                       40     1   2  2  

Penalty Kill - 3 Players Defense
   Defense                  Defense                  Time % Phy DF OF 
 1 Marc Staal               Jack Johnson             60     1   2  2  
 2 Shane O'Brien            Pernell Karl Subban      40     1   2  2  

4 vs 4 Forward 
   Center                   Wing                     Time % Phy DF OF 
 1 Jason Pominville         Corey Perry              60     1   2  2  
 2 Michal Handzus           Mike Comrie              40     1   2  2  

4 vs 4 Defense
   Defense                  Defense                  Time % Phy DF OF 
 1 Marc Staal               Jack Johnson             60     1   2  2  
 2 Shane O'Brien            Pernell Karl Subban      40     1   2  2  

Last Minutes Offensive
   Center                   Left Wing                Right Wing               Defense                  Defense                  
   Ryan Getzlaf             Mikkel Boedker           Corey Perry              Marc Staal               Jack Johnson             

Last Minutes Defensive
   Center                   Left Wing                Right Wing               Defense                  Defense                  
   Mike Comrie              Andrew Ladd              Jason Pominville         Marc Staal               Jack Johnson             

Goaltenders
Starting : Semyon Varlamov          
Backup : Jimmy Howard             

Extra Forwards
Normal : Bryan Little, Brandon Yip, Mikkel Boedker - PP : Bryan Little, Brandon Yip - PK : Mikkel Boedker
Extra Defensemen
Normal : Pernell Karl Subban, Sergei Gonchar, Shane O'Brien - PP : Pernell Karl Subban - PK : Pernell Karl Subban, Shane O'Brien
Penalty Shots
Mikkel Boedker, Corey Perry, Ryan Smyth, Michal Handzus, Bryan Little

% Time on Ice - Canadiens

Lines # - Real PCT - Wanted PCT - Time Play
Normal Forward
1 - 32% - 40% - 15:03
2 - 31% - 30% - 14:33
3 - 22% - 20% - 10:14
4 - 16% - 10% - 7:35
Normal Defense
1 - 37% - 40% - 17:40
2 - 34% - 30% - 16:02
3 - 25% - 20% - 12:02
4 - 4% - 10% - 1:41
PP Forward
1 - 100% - 60% - 0:15
2 - 0% - 40% - 0:00
PP Defense
1 - 100% - 60% - 0:15
2 - 0% - 40% - 0:00
PK Forward
1 - 75% - 60% - 5:38
2 - 25% - 40% - 1:52
PK Defense
1 - 66% - 60% - 4:57
2 - 34% - 40% - 2:33
PK3 Forward
1 - 0% - 60%
2 - 0% - 40%
PK3 Defense
1 - 0% - 60%
2 - 0% - 40%
44 Forward
1 - 83% - 60% - 3:06
2 - 17% - 40% - 0:37
44 Defense
1 - 64% - 60% - 2:22
2 - 36% - 40% - 1:21
Last Minute Offensive  - 1:07
Last Minute Defensive  - 0:00
Total
Forward - 60:00
Defense - 60:00

% Time on Ice - Avalanche

Lines # - Real PCT - Wanted PCT - Time Play
Normal Forward
1 - 29% - 35% - 13:58
2 - 28% - 35% - 13:21
3 - 19% - 15% - 9:00
4 - 23% - 15% - 11:06
Normal Defense
1 - 39% - 40% - 18:18
2 - 27% - 30% - 12:49
3 - 33% - 30% - 15:27
4 - 2% - 0% - 0:51
PP Forward
1 - 58% - 60% - 4:23
2 - 42% - 40% - 3:07
PP Defense
1 - 59% - 60% - 4:26
2 - 41% - 40% - 3:04
PK Forward
1 - 100% - 60% - 0:15
2 - 0% - 40% - 0:00
PK Defense
1 - 100% - 60% - 0:15
2 - 0% - 40% - 0:00
PK3 Forward
1 - 0% - 60%
2 - 0% - 40%
PK3 Defense
1 - 0% - 60%
2 - 0% - 40%
44 Forward
1 - 74% - 60% - 2:46
2 - 26% - 40% - 0:57
44 Defense
1 - 55% - 60% - 2:03
2 - 45% - 40% - 1:40
Last Minute Offensive  - 0:00
Last Minute Defensive  - 1:07
Total
Forward - 60:00
Defense - 60:00

Play by Play

1st period


0:01 of 1st period - Ryan Getzlaf wins face-off versus Marc Savard in neutral zone.
0:12 of 1st period - Wrist shot by Mikkel Boedker.
0:12 of 1st period - Deflect By Corey Perry.
0:12 of 1st period - Stopped by Jonathan Bernier without a rebound.
0:13 of 1st period - Bryan Little wins face-off versus Sergei Samsonov in Canadiens zone.
1:03 of 1st period - Wrist shot by Mikkel Boedker.
1:03 of 1st period - Shot Blocked by Devin Setoguchi.
1:05 of 1st period - Slapshot by Randy Jones.
1:05 of 1st period - Deflect By Patrick Sharp.
1:05 of 1st period - Stopped by Jonathan Bernier without a rebound.
1:06 of 1st period - Corey Perry wins face-off versus Devin Setoguchi in Canadiens zone.
1:15 of 1st period - Slapshot by Dan Boyle.
1:15 of 1st period - Deflect By Devin Setoguchi.
1:15 of 1st period - Stopped by Semyon Varlamov with a rebound.
1:47 of 1st period - Snap shot by Corey Perry.
1:47 of 1st period - Shot Misses the Net.
1:49 of 1st period - Wrist shot by Shane O'Brien.
1:49 of 1st period - Stopped by Jonathan Bernier without a rebound.
1:50 of 1st period - Dustin Boyd wins face-off versus Ryan Smyth in Canadiens zone.
2:17 of 1st period - Marc Staal is hit by Pierre-Luc Létourneau and loses puck.
3:04 of 1st period - Snap shot by Dan Boyle.
3:04 of 1st period - Stopped by Semyon Varlamov with a rebound.
3:43 of 1st period - Wrist shot by Michal Handzus.
3:43 of 1st period - Deflect By Max Pacioretty.
3:43 of 1st period - Shot Blocked by Josh Gorges.
3:43 of 1st period - Puck is out of play.
3:44 of 1st period - Dustin Boyd wins face-off versus Bryan Little in Canadiens zone.
3:49 of 1st period - Wrist shot by Dustin Boyd.
3:49 of 1st period - Shot Hit the Post.
4:16 of 1st period - Backhand shot by Andrew Ladd.
4:16 of 1st period - Stopped by Jonathan Bernier with a rebound.
5:13 of 1st period - Slapshot by Bryan Little.
5:13 of 1st period - Shot Misses the Net.
5:29 of 1st period - Dan Boyle is hit by Andrew Ladd and loses puck.
5:50 of 1st period - Marc Staal is hit by Dennis Wideman and loses puck.
5:59 of 1st period - Slapshot by Brooks Laich.
5:59 of 1st period - Shot Misses the Net.
6:34 of 1st period - Marek Svatos is hit by Jack Johnson.
6:44 of 1st period - Slapshot by Bryan Little.
6:44 of 1st period - Stopped by Jonathan Bernier with a rebound.
7:19 of 1st period - Brian Gionta is hit by Sergei Gonchar and loses puck.
7:37 of 1st period - Snap shot by Bryan Little.
7:37 of 1st period - Goal by Bryan Little - Canadiens : 0 - Avalanche : 1.
7:38 of 1st period - Marc Savard wins face-off versus Bryan Little in neutral zone.
7:53 of 1st period - Snap shot by Patrick Sharp.
7:53 of 1st period - Shot Misses the Net.
8:10 of 1st period - Ryan Getzlaf is hit by Marek Svatos and loses puck.
8:36 of 1st period - Off-side.
8:37 of 1st period - Marc Savard wins face-off versus Ryan Smyth in neutral zone.
8:45 of 1st period - Wrist shot by Marc Savard.
8:45 of 1st period - Stopped by Semyon Varlamov without a rebound.
8:46 of 1st period - Marc Savard wins face-off versus Bryan Little in Avalanche zone.
8:55 of 1st period - Snap shot by Patrick Sharp.
8:55 of 1st period - Stopped by Semyon Varlamov with a rebound.
8:57 of 1st period - Slapshot by Dennis Wideman.
8:57 of 1st period - Shot Blocked by Bryan Little.
8:59 of 1st period - Slapshot by Dan Boyle.
8:59 of 1st period - Shot Misses the Net.
9:01 of 1st period - Slapshot by Dennis Wideman.
9:01 of 1st period - Stopped by Semyon Varlamov with a rebound.
9:03 of 1st period - Slapshot by Marc Savard.
9:03 of 1st period - Shot Misses the Net.
9:05 of 1st period - Wrist shot by Patrick Sharp.
9:05 of 1st period - Shot Hit the Post.
9:07 of 1st period - Slapshot by Patrick Sharp.
9:07 of 1st period - Stopped by Semyon Varlamov with a rebound.
9:09 of 1st period - Wrist shot by Dennis Wideman.
9:09 of 1st period - Stopped by Semyon Varlamov without a rebound.
9:10 of 1st period - Dustin Boyd wins face-off versus Ryan Getzlaf in Avalanche zone.
10:03 of 1st period - Snap shot by Cam Janssen.
10:03 of 1st period - Shot Blocked by Shane O'Brien.
10:19 of 1st period - Dennis Wideman is hit by Max Pacioretty and loses puck.
11:45 of 1st period - Snap shot by Dennis Wideman.
11:45 of 1st period - Shot Blocked by Marc Staal.
11:47 of 1st period - Slapshot by Dan Boyle.
11:47 of 1st period - Stopped by Semyon Varlamov with a rebound.
11:53 of 1st period - Slapshot by Brooks Laich.
11:53 of 1st period - Shot Blocked by Marc Staal.
11:55 of 1st period - Slapshot by Dennis Wideman.
11:55 of 1st period - Deflect By Pernell Karl Subban.
11:55 of 1st period - Stopped by Semyon Varlamov with a rebound.
12:19 of 1st period - Slapshot by Michal Handzus.
12:19 of 1st period - Shot Misses the Net.
12:53 of 1st period - Wrist shot by Andrew Ladd.
12:53 of 1st period - Shot Blocked by Marek Svatos.
13:01 of 1st period - Wrist shot by Brandon Yip.
13:01 of 1st period - Stopped by Jonathan Bernier without a rebound.
13:02 of 1st period - Mikkel Boedker wins face-off versus Marc Savard in Canadiens zone.
14:00 of 1st period - Wrist shot by Mike Comrie.
14:00 of 1st period - Shot Misses the Net.
14:16 of 1st period - Marek Svatos is hit by Ryan Getzlaf and loses puck.
14:33 of 1st period - Ladislav Smid is hit by Chuck Kobasew and loses puck.
14:56 of 1st period - Slapshot by Bryan Little.
14:56 of 1st period - Stopped by Jonathan Bernier without a rebound.
14:57 of 1st period - Brooks Laich wins face-off versus Ryan Getzlaf in Canadiens zone.
15:37 of 1st period - Slapshot by Marc Savard.
15:37 of 1st period - Stopped by Semyon Varlamov with a rebound.
15:49 of 1st period - Slapshot by Jason Pominville.
15:49 of 1st period - Shot Misses the Net.
15:51 of 1st period - Snap shot by Jason Pominville.
15:51 of 1st period - Stopped by Jonathan Bernier without a rebound.
15:52 of 1st period - Dustin Boyd wins face-off versus Ryan Getzlaf in Canadiens zone.
15:54 of 1st period - Minor Penalty to Dustin Boyd for Interference.
15:55 of 1st period - Mikkel Boedker wins face-off versus Maxim Talbot in Canadiens zone.
15:55 of 1st period - Snap shot by Corey Perry.
15:55 of 1st period - Stopped by Jonathan Bernier without a rebound.
15:56 of 1st period - Ryan Getzlaf wins face-off versus Maxim Talbot in Canadiens zone.
15:57 of 1st period - Wrist shot by Mikkel Boedker.
15:57 of 1st period - Shot Misses the Net.
15:59 of 1st period - Snap shot by Mikkel Boedker.
15:59 of 1st period - Shot Blocked by Josh Gorges.
16:33 of 1st period - Wrist shot by Mikkel Boedker.
16:33 of 1st period - Shot Blocked by Maxim Talbot.
16:35 of 1st period - Snap shot by Corey Perry.
16:35 of 1st period - Shot Misses the Net.
16:37 of 1st period - Slapshot by Sergei Gonchar.
16:37 of 1st period - Avalanche goal is going for a video replay.
16:37 of 1st period - The goal is refused. The puck has been directed, batted or thrown into the net by an attacking player other than with a stick..
16:38 of 1st period - Bryan Little wins face-off versus Maxim Talbot in Canadiens zone.
16:39 of 1st period - Backhand shot by Jason Pominville.
16:39 of 1st period - Deflect By Ryan Smyth.
16:39 of 1st period - Stopped by Jonathan Bernier with a rebound.
16:54 of 1st period - Wrist shot by Dennis Wideman.
16:54 of 1st period - Stopped by Semyon Varlamov without a rebound.
16:55 of 1st period - Maxim Talbot wins face-off versus Bryan Little in Avalanche zone.
17:06 of 1st period - Slapshot by Jack Johnson.
17:06 of 1st period - Stopped by Jonathan Bernier with a rebound.
17:08 of 1st period - Slapshot by Jack Johnson.
17:08 of 1st period - Shot Blocked by Josh Gorges.
17:54 of 1st period - Penalty to Dustin Boyd is over, Dustin Boyd is back on ice.
18:45 of 1st period - Wrist shot by Jason Pominville.
18:45 of 1st period - Stopped by Jonathan Bernier without a rebound.
18:46 of 1st period - Bryan Little wins face-off versus Devin Setoguchi in Canadiens zone.
19:07 of 1st period - Randy Jones is hit by Sergei Samsonov and loses puck.
19:34 of 1st period - Backhand shot by Maxim Talbot.
19:34 of 1st period - Stopped by Semyon Varlamov without a rebound.
19:35 of 1st period - Bryan Little wins face-off versus Maxim Talbot in Avalanche zone.
Goals for this period are 0 for Canadiens vs 1 for Avalanche.
Shots for this period are 12 for Canadiens vs 14 for Avalanche.

2nd period


0:01 of 2nd period - Marc Savard wins face-off versus Ryan Getzlaf in neutral zone.
0:04 of 2nd period - Mikkel Boedker is hit by Dennis Wideman and loses puck.
0:09 of 2nd period - Slapshot by Devin Setoguchi.
0:09 of 2nd period - Shot Blocked by Pernell Karl Subban.
0:11 of 2nd period - Snap shot by Marc Savard.
0:11 of 2nd period - Shot Blocked by Corey Perry.
0:13 of 2nd period - Slapshot by Dan Boyle.
0:13 of 2nd period - Shot Blocked by Pernell Karl Subban.
0:50 of 2nd period - Rene Bourque is hit by Marc Staal.
0:53 of 2nd period - Icing by Brooks Laich.
0:54 of 2nd period - Brooks Laich wins face-off versus Michal Handzus in Canadiens zone.
1:28 of 2nd period - Slapshot by Rene Bourque.
1:28 of 2nd period - Shot Blocked by Max Pacioretty.
1:30 of 2nd period - Wrist shot by Rene Bourque.
1:30 of 2nd period - Deflect By Brooks Laich.
1:30 of 2nd period - Stopped by Semyon Varlamov without a rebound.
1:31 of 2nd period - Marc Savard wins face-off versus Ryan Getzlaf in Avalanche zone.
1:56 of 2nd period - Dan Boyle is hit by Jack Johnson and loses puck.
2:39 of 2nd period - Chuck Kobasew is hit by Devin Setoguchi and loses puck.
2:45 of 2nd period - Off-side.
2:46 of 2nd period - Ryan Getzlaf wins face-off versus Marc Savard in neutral zone.
2:57 of 2nd period - Wrist shot by Corey Perry.
2:57 of 2nd period - Stopped by Jonathan Bernier without a rebound.
2:58 of 2nd period - Marc Savard wins face-off versus Ryan Getzlaf in Canadiens zone.
3:05 of 2nd period - Snap shot by Marc Savard.
3:05 of 2nd period - Stopped by Semyon Varlamov with a rebound.
3:25 of 2nd period - Jack Johnson is hit by Ladislav Smid and loses puck.
4:36 of 2nd period - Snap shot by Ryan Getzlaf.
4:36 of 2nd period - Shot Misses the Net.
5:28 of 2nd period - Off-side.
5:29 of 2nd period - Bryan Little wins face-off versus Marc Savard in neutral zone.
6:41 of 2nd period - Slapshot by Marc Staal.
6:41 of 2nd period - Deflect By Dustin Boyd.
6:41 of 2nd period - Stopped by Jonathan Bernier without a rebound.
6:42 of 2nd period - Ryan Getzlaf wins face-off versus Marc Savard in Canadiens zone.
6:48 of 2nd period - Off-side.
6:49 of 2nd period - Ryan Getzlaf wins face-off versus Marc Savard in neutral zone.
7:03 of 2nd period - Minor Penalty to Mikkel Boedker for Holding.
7:04 of 2nd period - Mike Comrie wins face-off versus Marc Savard in Avalanche zone.
7:13 of 2nd period - Minor Penalty to Marc Savard for Delaying the game.
7:14 of 2nd period - Maxim Talbot wins face-off versus Jason Pominville in Canadiens zone.
7:22 of 2nd period - Snap shot by Maxim Talbot.
7:22 of 2nd period - Shot Misses the Net.
7:24 of 2nd period - Snap shot by Patrick Sharp.
7:24 of 2nd period - Stopped by Semyon Varlamov with a rebound.
7:26 of 2nd period - Slapshot by Dan Boyle.
7:26 of 2nd period - Shot Blocked by Jack Johnson.
8:17 of 2nd period - Snap shot by Dustin Boyd.
8:17 of 2nd period - Stopped by Semyon Varlamov without a rebound.
8:18 of 2nd period - Dustin Boyd wins face-off versus Bryan Little in Avalanche zone.
8:25 of 2nd period - Backhand shot by Shane O'Brien.
8:25 of 2nd period - Deflect By Bryan Little.
8:25 of 2nd period - Shot Misses the Net.
8:25 of 2nd period - Puck is out of play.
8:26 of 2nd period - Jason Pominville wins face-off versus Patrick Sharp in Canadiens zone.
8:37 of 2nd period - Slapshot by Corey Perry.
8:37 of 2nd period - Shot Blocked by Dennis Wideman.
9:03 of 2nd period - Penalty to Mikkel Boedker is over, Mikkel Boedker is back on ice.
9:13 of 2nd period - Penalty to Marc Savard is over, Marc Savard is back on ice.
9:27 of 2nd period - Snap shot by Andrew Ladd.
9:27 of 2nd period - Shot Blocked by Marek Svatos.
9:39 of 2nd period - Brian Gionta is hit by Michal Handzus.
10:26 of 2nd period - Slapshot by Dennis Wideman.
10:26 of 2nd period - Shot Misses the Net.
10:28 of 2nd period - Slapshot by Brooks Laich.
10:28 of 2nd period - Stopped by Semyon Varlamov with a rebound.
10:30 of 2nd period - Slapshot by Brian Gionta.
10:30 of 2nd period - Stopped by Semyon Varlamov without a rebound.
10:31 of 2nd period - Mike Comrie wins face-off versus Marc Savard in Avalanche zone.
10:56 of 2nd period - Josh Gorges is hit by Bryan Little and loses puck.
11:05 of 2nd period - Snap shot by Dustin Boyd.
11:05 of 2nd period - Stopped by Semyon Varlamov with a rebound.
11:44 of 2nd period - Wrist shot by Patrick Sharp.
11:44 of 2nd period - Shot Blocked by Marc Staal.
11:46 of 2nd period - Snap shot by Marc Savard.
11:46 of 2nd period - Stopped by Semyon Varlamov with a rebound.
12:13 of 2nd period - Pernell Karl Subban is hit by Josh Gorges and loses puck.
13:07 of 2nd period - Slapshot by Ladislav Smid.
13:07 of 2nd period - Stopped by Semyon Varlamov without a rebound.
13:08 of 2nd period - Marc Savard wins face-off versus Ryan Getzlaf in Avalanche zone.
13:53 of 2nd period - Minor Penalty to Dan Boyle for Delaying the game.
13:54 of 2nd period - Ryan Getzlaf wins face-off versus Maxim Talbot in Canadiens zone.
14:06 of 2nd period - Snap shot by Mikkel Boedker.
14:06 of 2nd period - Shot Misses the Net.
14:08 of 2nd period - Slapshot by Jack Johnson.
14:08 of 2nd period - Shot Misses the Net.
14:10 of 2nd period - Wrist shot by Ryan Getzlaf.
14:10 of 2nd period - Goal by Ryan Getzlaf - Canadiens : 0 - Avalanche : 2.
14:11 of 2nd period - Bryan Little wins face-off versus Dustin Boyd in neutral zone.
14:16 of 2nd period - Snap shot by Dustin Boyd.
14:16 of 2nd period - Stopped by Semyon Varlamov with a rebound.
14:18 of 2nd period - Slapshot by Dan Boyle.
14:18 of 2nd period - Shot Misses the Net.
14:22 of 2nd period - Snap shot by Dustin Boyd.
14:22 of 2nd period - Stopped by Semyon Varlamov without a rebound.
14:23 of 2nd period - Marc Savard wins face-off versus Ryan Getzlaf in Avalanche zone.
14:34 of 2nd period - Slapshot by Marc Savard.
14:34 of 2nd period - Stopped by Semyon Varlamov with a rebound.
14:36 of 2nd period - Slapshot by Dennis Wideman.
14:36 of 2nd period - Goal by Dennis Wideman - Canadiens : 1 - Avalanche : 2.
14:37 of 2nd period - Bryan Little wins face-off versus Marc Savard in neutral zone.
15:06 of 2nd period - Icing by Dan Boyle.
15:07 of 2nd period - Dustin Boyd wins face-off versus Ryan Getzlaf in Canadiens zone.
15:07 of 2nd period - Dustin Boyd is hit by Mikkel Boedker.
15:27 of 2nd period - Slapshot by Mikkel Boedker.
15:27 of 2nd period - Stopped by Jonathan Bernier without a rebound.
15:28 of 2nd period - Bryan Little wins face-off versus Marc Savard in Canadiens zone.
15:44 of 2nd period - Off-side.
15:45 of 2nd period - Ryan Getzlaf wins face-off versus Dustin Boyd in neutral zone.
16:00 of 2nd period - Snap shot by Marek Svatos.
16:00 of 2nd period - Shot Blocked by Pernell Karl Subban.
16:12 of 2nd period - Marc Staal is hit by Dan Boyle and loses puck.
16:19 of 2nd period - Snap shot by Patrick Sharp.
16:19 of 2nd period - Shot Misses the Net.
16:21 of 2nd period - Slapshot by Devin Setoguchi.
16:21 of 2nd period - Stopped by Semyon Varlamov with a rebound.
16:23 of 2nd period - Wrist shot by Devin Setoguchi.
16:23 of 2nd period - Stopped by Semyon Varlamov without a rebound.
16:24 of 2nd period - Ryan Getzlaf wins face-off versus Brooks Laich in Avalanche zone.
16:59 of 2nd period - Snap shot by Jason Pominville.
16:59 of 2nd period - Stopped by Jonathan Bernier with a rebound.
17:48 of 2nd period - Sergei Gonchar is hit by Ladislav Smid and loses puck.
18:03 of 2nd period - Wrist shot by Brian Gionta.
18:03 of 2nd period - Shot Blocked by Jack Johnson.
18:05 of 2nd period - Wrist shot by Dennis Wideman.
18:05 of 2nd period - Stopped by Semyon Varlamov without a rebound.
18:06 of 2nd period - Bryan Little wins face-off versus Brooks Laich in Avalanche zone.
18:45 of 2nd period - Snap shot by Brian Gionta.
18:45 of 2nd period - Shot Misses the Net.
18:47 of 2nd period - Wrist shot by Brian Gionta.
18:47 of 2nd period - Stopped by Semyon Varlamov with a rebound.
18:49 of 2nd period - Wrist shot by Rene Bourque.
18:49 of 2nd period - Shot Misses the Net.
18:51 of 2nd period - Snap shot by Brian Gionta.
18:51 of 2nd period - Shot Misses the Net.
18:53 of 2nd period - Slapshot by Jiri Fischer.
18:53 of 2nd period - Shot Misses the Net.
18:55 of 2nd period - Snap shot by Brian Gionta.
18:55 of 2nd period - Shot Misses the Net.
18:57 of 2nd period - Wrist shot by Rene Bourque.
18:57 of 2nd period - Stopped by Semyon Varlamov without a rebound.
18:58 of 2nd period - Ryan Getzlaf wins face-off versus Devin Setoguchi in Avalanche zone.
Goals for this period are 1 for Canadiens vs 1 for Avalanche.
Shots for this period are 18 for Canadiens vs 5 for Avalanche.

3rd period


0:01 of 3rd period - Marc Savard wins face-off versus Bryan Little in neutral zone.
0:48 of 3rd period - Slapshot by Maxim Talbot.
0:48 of 3rd period - Deflect By Cam Janssen.
0:48 of 3rd period - Shot Misses the Net.
0:48 of 3rd period - Puck is out of play.
0:49 of 3rd period - Michal Handzus wins face-off versus Maxim Talbot in Avalanche zone.
0:49 of 3rd period - Michal Handzus is hit by Maxim Talbot.
0:57 of 3rd period - Wrist shot by Michal Handzus.
0:57 of 3rd period - Shot Blocked by Matt Carle.
0:59 of 3rd period - Wrist shot by Max Pacioretty.
0:59 of 3rd period - Stopped by Jonathan Bernier with a rebound.
1:05 of 3rd period - Snap shot by Chuck Kobasew.
1:05 of 3rd period - Stopped by Jonathan Bernier with a rebound.
1:11 of 3rd period - Minor Penalty to Matt Carle for Tripping.
1:12 of 3rd period - Ryan Getzlaf wins face-off versus Maxim Talbot in Canadiens zone.
1:49 of 3rd period - Icing by Jason Pominville.
1:50 of 3rd period - Bryan Little wins face-off versus Brooks Laich in Avalanche zone.
1:55 of 3rd period - Wrist shot by Brooks Laich.
1:55 of 3rd period - Shot Misses the Net.
2:14 of 3rd period - Off-side.
2:15 of 3rd period - Ryan Getzlaf wins face-off versus Maxim Talbot in neutral zone.
2:18 of 3rd period - Snap shot by Ryan Getzlaf.
2:18 of 3rd period - Stopped by Jonathan Bernier with a rebound.
2:20 of 3rd period - Slapshot by Sergei Gonchar.
2:20 of 3rd period - Stopped by Jonathan Bernier with a rebound.
2:28 of 3rd period - Snap shot by Corey Perry.
2:28 of 3rd period - Shot Misses the Net.
2:30 of 3rd period - Wrist shot by Jack Johnson.
2:30 of 3rd period - Stopped by Jonathan Bernier with a rebound.
2:32 of 3rd period - Slapshot by Sergei Gonchar.
2:32 of 3rd period - Shot Misses the Net.
2:34 of 3rd period - Slapshot by Jack Johnson.
2:34 of 3rd period - Stopped by Jonathan Bernier without a rebound.
2:35 of 3rd period - Maxim Talbot wins face-off versus Bryan Little in Canadiens zone.
2:56 of 3rd period - Snap shot by Corey Perry.
2:56 of 3rd period - Shot Misses the Net.
3:11 of 3rd period - Penalty to Matt Carle is over, Matt Carle is back on ice.
3:26 of 3rd period - Snap shot by Brandon Yip.
3:26 of 3rd period - Stopped by Jonathan Bernier with a rebound.
3:28 of 3rd period - Wrist shot by Brandon Yip.
3:28 of 3rd period - Deflect By Andrew Ladd.
3:28 of 3rd period - Shot Misses the Net.
3:28 of 3rd period - Puck is out of play.
3:29 of 3rd period - Dustin Boyd wins face-off versus Ryan Getzlaf in Canadiens zone.
3:48 of 3rd period - Sergei Samsonov is hit by Randy Jones and loses puck.
4:07 of 3rd period - Wrist shot by Mike Comrie.
4:07 of 3rd period - Shot Blocked by Sergei Samsonov.
4:09 of 3rd period - Wrist shot by Mike Comrie.
4:09 of 3rd period - Deflect By Andrew Ladd.
4:09 of 3rd period - Stopped by Jonathan Bernier without a rebound.
4:10 of 3rd period - Marc Savard wins face-off versus Bryan Little in Canadiens zone.
4:10 of 3rd period - Marc Savard is hit by Ryan Smyth.
4:25 of 3rd period - Off-side.
4:26 of 3rd period - Brooks Laich wins face-off versus Ryan Getzlaf in neutral zone.
4:32 of 3rd period - Minor Penalty to Mikkel Boedker for Holding.
4:33 of 3rd period - Mike Comrie wins face-off versus Marc Savard in Avalanche zone.
4:37 of 3rd period - Major Penalty to Dan Boyle for Checking from behind.
4:38 of 3rd period - Marc Savard wins face-off versus Jason Pominville in Canadiens zone.
4:53 of 3rd period - Wrist shot by Jason Pominville.
4:53 of 3rd period - Stopped by Jonathan Bernier with a rebound.
5:25 of 3rd period - Wrist shot by Michal Handzus.
5:25 of 3rd period - Stopped by Jonathan Bernier without a rebound.
5:26 of 3rd period - Jason Pominville wins face-off versus Marc Savard in Canadiens zone.
6:32 of 3rd period - Penalty to Mikkel Boedker is over, Mikkel Boedker is back on ice.
6:33 of 3rd period - Off-side.
6:34 of 3rd period - Maxim Talbot wins face-off versus Corey Perry in neutral zone.
9:37 of 3rd period - Penalty to Dan Boyle is over, Dan Boyle is back on ice.
10:37 of 3rd period - Mikkel Boedker is hit by Maxim Talbot and loses puck.
11:05 of 3rd period - Randy Jones is hit by Marek Svatos and loses puck.
11:30 of 3rd period - Dan Boyle is hit by Max Pacioretty and loses puck.
11:35 of 3rd period - Backhand shot by Max Pacioretty.
11:35 of 3rd period - Stopped by Jonathan Bernier without a rebound.
11:36 of 3rd period - Marc Savard wins face-off versus Michal Handzus in Canadiens zone.
12:04 of 3rd period - Snap shot by Cam Janssen.
12:04 of 3rd period - Shot Misses the Net.
12:06 of 3rd period - Slapshot by Matt Carle.
12:06 of 3rd period - Stopped by Semyon Varlamov with a rebound.
12:08 of 3rd period - Snap shot by Matt Carle.
12:08 of 3rd period - Stopped by Semyon Varlamov with a rebound.
12:10 of 3rd period - Slapshot by Matt Carle.
12:10 of 3rd period - Shot Misses the Net.
12:12 of 3rd period - Snap shot by Cam Janssen.
12:12 of 3rd period - Shot Misses the Net.
12:50 of 3rd period - Wrist shot by Brooks Laich.
12:50 of 3rd period - Stopped by Semyon Varlamov with a rebound.
12:52 of 3rd period - Wrist shot by Brian Gionta.
12:52 of 3rd period - Stopped by Semyon Varlamov with a rebound.
12:54 of 3rd period - Snap shot by Brooks Laich.
12:54 of 3rd period - Shot Blocked by Jason Pominville.
13:04 of 3rd period - Devin Setoguchi is hit by Jack Johnson and loses puck.
14:02 of 3rd period - Rene Bourque is hit by Jack Johnson and loses puck.
14:21 of 3rd period - Randy Jones is hit by Dan Boyle and loses puck.
15:09 of 3rd period - Snap shot by Dustin Boyd.
15:09 of 3rd period - Stopped by Semyon Varlamov with a rebound.
15:33 of 3rd period - Brandon Yip is hit by Rene Bourque.
17:37 of 3rd period - Snap shot by Sergei Samsonov.
17:37 of 3rd period - Deflect By Dustin Boyd.
17:37 of 3rd period - Stopped by Semyon Varlamov with a rebound.
17:49 of 3rd period - Snap shot by Max Pacioretty.
17:49 of 3rd period - Deflect By Michal Handzus.
17:49 of 3rd period - Stopped by Jonathan Bernier with a rebound.
17:51 of 3rd period - Snap shot by Michal Handzus.
17:51 of 3rd period - Stopped by Jonathan Bernier with a rebound.
17:53 of 3rd period - Snap shot by Michal Handzus.
17:53 of 3rd period - Stopped by Jonathan Bernier without a rebound.
17:54 of 3rd period - Rene Bourque wins face-off versus Ryan Getzlaf in Canadiens zone.
17:54 of 3rd period - Rene Bourque is hit by Pernell Karl Subban.
18:42 of 3rd period - Off-side.
18:43 of 3rd period - Bryan Little wins face-off versus Pierre-Luc Létourneau in neutral zone.
18:52 of 3rd period - Snap shot by Bryan Little.
18:52 of 3rd period - Stopped by Jonathan Bernier without a rebound.
18:53 of 3rd period - Kirk Muller call a timeout for Canadiens.
18:53 of 3rd period - Marc Savard wins face-off versus Mike Comrie in Canadiens zone.
19:02 of 3rd period - Canadiens, Jonathan Bernier is pulled from the net.
19:02 of 3rd period - Slapshot by Patrick Sharp.
19:02 of 3rd period - Shot Misses the Net.
19:04 of 3rd period - Slapshot by Dan Boyle.
19:04 of 3rd period - Shot Misses the Net.
19:06 of 3rd period - Snap shot by Patrick Sharp.
19:06 of 3rd period - Stopped by Semyon Varlamov without a rebound.
19:07 of 3rd period - Mike Comrie wins face-off versus Marc Savard in Avalanche zone.
19:07 of 3rd period - Mike Comrie is hit by Devin Setoguchi.
19:21 of 3rd period - Wrist shot by Marc Savard.
19:21 of 3rd period - Stopped by Semyon Varlamov with a rebound.
Goals for this period are 0 for Canadiens vs 0 for Avalanche.
Shots for this period are 8 for Canadiens vs 15 for Avalanche.


Output by the SimonT Hockey Simulator (STHS) for François Prévost -- Original Page W3C XHTML 1.0 Valid
Hockey Simulator - Hockey Simulation - Hockey Manager